 Dungeon Crawl Stone Soup version 0.18-a0-1323-g706dcef (webtiles) character file.

39 Tomstefer the Stinger (level 3, 0/24 HPs)
             Began as a Demonspawn Venom Mage on Feb 15, 2016.
             Succumbed to Crazy Yiuf's poison
             ... on level 2 of the Dungeon.
             The game lasted 00:05:48 (2337 turns).

Tomstefer the Stinger (Demonspawn Venom Mage)       Turns: 2337, Time: 00:05:48

Health: 0/24       AC:  4    Str:  8    XL:     3   Next: 26%
Magic:  0/6        EV: 12    Int: 17    God:
Gold:   116        SH:  0    Dex: 13    Spells: 2 memorised, 2 levels left

rFire  + . .     SeeInvis .     r - +3 mace
rCold  . . .     Gourm    .     a - +0 robe
rNeg   . . .     Faith    .     (no shield)
rPois  .         Spirit   .     (no helmet)
rElec  .         Dismiss  .     (no cloak)
rCorr  .         Reflect  .     (no gloves)
SustAt .         Harm     .     (no boots)
MR     .....                    (no amulet)
Stlth  ++........               (no ring)
                                (no ring)

@: lethally poisoned (0 -> -9), not resistant to hostile enchantments,
unstealthy
A: thin metallic scales 1, fire resistance 1
a: no special abilities


You were on level 2 of the Dungeon.
You were not hungry.

You visited 1 branch of the dungeon, and saw 2 of its levels.

You collected 116 gold pieces.

Inventory:

Hand Weapons
 e - a +0 dagger
 g - a +0 short sword
 r - a +3 mace (weapon)
 s - a +1 mace of draining
Armour
 a - a +0 robe (worn)
Scrolls
 d - a scroll of remove curse
 h - a scroll of recharging {unknown}
 i - a scroll of magic mapping {unknown}
 l - a scroll of amnesia {unknown}
 m - 2 scrolls of identify {unknown}
 n - a scroll of immolation {unknown}
 q - a scroll of enchant armour {unknown}
Potions
 p - 2 potions of heal wounds {unknown}
Books
 b - a Young Poisoner's Handbook

   Spells                             Type                      Level
   a - Sting                          Conjuration/Poison           1
   b - Cure Poison                    Poison                       2
   c - Mephitic Cloud                 Conjuration/Poison/Air       3
   d - Olgreb's Toxic Radiance        Poison                       4
   e - Venom Bolt                     Conjuration/Poison           5
Comestibles
 c - 5 bread rations
 f - 4 chunks of flesh
 j - a royal jelly
 k - a beef jerky
 o - a meat ration


   Skills:
 - Level 1.7 Dodging
 - Level 1.7 Stealth
 + Level 2.0 Spellcasting
 + Level 0.0 Conjurations
 + Level 0.0 Air Magic
 - Level 5.1 Poison Magic


You had 2 spell levels left.
You knew the following spells:

 Your Spells              Type           Power        Failure   Level  Hunger
a - Sting                 Conj/Pois      ##..         10%         1    #......
b - Mephitic Cloud        Conj/Pois/Air  #.......     30%         3    ###....


Dungeon Overview and Level Annotations

Branches:
Dungeon (2/15)

Altars:
Fedhas
Kikubaaqudgha

Annotations:
D:2 Crazy Yiuf


Innate Abilities, Weirdness & Mutations

You are partially covered in thin metallic scales (AC +2).
Your flesh is heat resistant.


Message History

Crazy Yiuf whimpers, "Orb seventy return to song!"
You barely miss Crazy Yiuf.
Crazy Yiuf is severely wounded.
Crazy Yiuf hits you with a quarterstaff of chaos!
Crazy Yiuf hits you but does no damage.
You hit Crazy Yiuf but do no damage.
Crazy Yiuf is severely wounded.
Crazy Yiuf looks more healthy.
Crazy Yiuf hits you with a quarterstaff of chaos.
Casting: Sting
Confirm with . or Enter, or press ? or * to list all spells.
Aiming: Sting
Press: ? - help, Shift-Dir - straight line, f/p - Crazy Yiuf
Aim: Crazy Yiuf, wielding a quarterstaff of chaos and wearing an embroidered cloak (almost dead)
The sting hits Crazy Yiuf.
Crazy Yiuf appears unharmed.
Crazy Yiuf is almost dead.
Crazy Yiuf hits you with a quarterstaff of chaos!
* * * LOW HITPOINT WARNING * * *
You are lethally poisoned!
You die...

#)# ##.# #)## ##.##
#).P# #P.P## #
#....# #.. ..#
#.g..# #.# #.###.
##.@.######.###...#.
##.##........#.#...
#...........#....#
####........#.....
#........#....#
#......รท.....#.
#........##.#..
#........##.#..
#........##....


You could see Crazy Yiuf.

Vanquished Creatures
  A giant gecko (D:2)
  4 bats (D:1)
  4 giant cockroaches
  4 hobgoblins
  5 kobolds
  A quokka (D:2)
  A ball python (D:1)
  3 giant newts (D:1)
  7 goblins
  5 rats
  2 fungi (D:2)
37 creatures vanquished.

Vanquished Creatures (others)
  4 toadstools (D:1)
4 creatures vanquished.

Grand Total: 41 creatures vanquished

Notes
Turn   | Place    | Note
--------------------------------------------------------------
     0 | D:1      | Tomstefer the Demonspawn Venom Mage began the quest for the Orb.
     0 | D:1      | Reached XP level 1. HP: 13/13 MP: 3/3
   910 | D:1      | Gained mutation: You are partially covered in thin metallic scales (AC +2). [demonic ancestry]
   910 | D:1      | Reached XP level 2. HP: 16/19 MP: 1/5
  1880 | D:2      | Reached skill level 5 in Poison Magic
  1887 | D:2      | Gained mutation: Your flesh is heat resistant. [demonic ancestry]
  1887 | D:2      | Reached XP level 3. HP: 24/24 MP: 1/6
  2038 | D:2      | Found an ancient bone altar of Kikubaaqudgha.
  2039 | D:2      | Found a blossoming altar of Fedhas.
  2296 | D:2      | Learned a level 3 spell: Mephitic Cloud
  2317 | D:2      | Noticed Crazy Yiuf
  2336 | D:2      | HP: 1/24 [Crazy Yiuf/quarterstaff of chaos (8)]
  2337 | D:2      | Succumbed to Crazy Yiuf's poison

Vault maps used:
D:1:      ldierk_walled_garden_2
D:2:      grunt_temple_overflow_growth_and_decay, first_bread,
          uniq_crazy_yiuf_cottage

Action                   || total
-------------------------++-------
Melee: Short sword       ||    61
       Dagger            ||     2
       Mace              ||     2
 Cast: Sting             ||    57
  Use: Scroll            ||     1
  Eat: Chunk             ||     5
